 Dungeon Crawl Stone Soup version 0.22.1-1-ga44c0e56f4 (webtiles) character file.

289 Jynx the Changer (level 6, -1/38 HPs)
             Began as an Octopode Transmuter on Nov 4, 2018.
             Was an Initiate of Ashenzari.
             Slain by a centaur (6 damage)
             ... on level 5 of the Dungeon.
             The game lasted 00:07:15 (4553 turns).

Jynx the Changer (Octopode Transmuter)              Turns: 4553, Time: 00:07:16

Health: -1/38      AC:  1    Str:  9    XL:     6   Next: 31%
Magic:  5/11       EV: 13    Int: 16    God:    Ashenzari [......]
Gold:   197        SH:  0    Dex: 14    Spells: 1/12 levels left

rFire    . . .     SeeInvis .     - Unarmed
rCold    . . .     Gourm    .   (shield currently unavailable)
rNeg     . . .     Faith    .   (helmet restricted)
rPois    .         Spirit   .   (no amulet)
rElec    .         Reflect  .   j - ring of protection from magic
rCorr    .         Harm     .   (no ring)
MR       +....                  (no ring)
Stlth    ++........             (no ring)
HPRegen  0.12/turn              (no ring)
MPRegen  0.12/turn              (no ring)
                                (no ring)
                                (no ring)

@: blade tentacles, hasted, very quick
A: almost no armour, stealthy swim, amphibious, 8 rings, constrict 8, camouflage
1, gelatinous body 1
a: End Transformation, Curse Item, Renounce Religion


You were on level 5 of the Dungeon.
You worshipped Ashenzari.
Ashenzari was noncommittal.
You were very hungry.
You had blades for tentacles.
You visited 1 branch of the dungeon, and saw 5 of its levels.

You collected 197 gold pieces.

Inventory:

Missiles
 a - 49 arrows
Jewellery
 j - a ring of protection from magic (left scythe-like blade)
Scrolls
 b - 3 scrolls of remove curse
 e - a scroll of magic mapping {unknown}
 h - 5 scrolls of identify
 l - 2 scrolls of enchant weapon {unknown}
 m - a scroll of blinking {unknown}
 n - a scroll of random uselessness {unknown}
 q - a scroll of teleportation {unknown}
Potions
 d - 2 potions of haste
 f - a potion of agility {unknown}
 g - 2 potions of curing {unknown}
 i - 3 potions of mutation {unknown}
 k - a potion of lignification {unknown}
 p - a potion of heal wounds {unknown}
Comestibles
 c - 7 rations


   Skills:
 - Level 1.0 Fighting
 - Level 2.0 Dodging
 - Level 3.0 Unarmed Combat
 + Level 3.7 Spellcasting
 * Level 5.4 Transmutations


You had one spell level left.
You knew the following spells:

 Your Spells              Type           Power        Failure   Level  Hunger
a - Beastly Appendage     Tmut           ###...       21%         1    None
b - Sticks to Snakes      Tmut           ###.....     24%         2    ##.....
c - Spider Form           Tmut/Pois      ##........   58%         3    ###....
d - Blade Hands           Tmut           ###.......   85%         5    ######.

Your spell library contained the following spells:

 Spells                   Type           Power        Failure   Level  Hunger
 Ice Form                 Ice/Tmut       ##......     87%         4    ####...


Dungeon Overview and Level Annotations

Branches:
Dungeon (5/15)
 Temple: D:4-7

Altars:
Ashenzari
Hepliaklqana
Yredelemnul


Innate Abilities, Weirdness & Mutations

You cannot wear most types of armour.
You are very stealthy in the water. (Stealth+)
You are amphibious.
You can wear up to eight rings at the same time.
You can use your tentacles to constrict eight enemies at once.
Your skin changes colour to match your surroundings (Stealth+).
Your rubbery body absorbs attacks. (AC +1, EV +1)


Message History

The centaur shouts!
The centaur hits you! The centaur closely misses you. The centaur hits you!
You barely miss the centaur. You squeeze the centaur.
The centaur is lightly wounded.
The centaur hits you. The centaur hits you!
* * * LOW HITPOINT WARNING * * *
You are too injured to fight recklessly!
You are too injured to fight recklessly!
Unknown command.
It was a potion of haste.
You feel yourself speed up. The centaur closely misses you.
Casting: Beastly Appendage (safe; 1% risk of failure)
Confirm with . or Enter, or press ? or * to list all spells.
The spell is very dangerous to cast (45% risk of failure)!
Continue anyway?
Your tentacle spike disappears.
Your tentacles turn into razor-sharp scythe blades.
You are feeling very hungry.
The centaur hits you.
You die...

. ##..##.# ##.#.
.......
......####.#.#.#
...#.......#.#.#
...# #.......#.#
...# #.......#..
... #.....<.#.#
##c# #.........#
#@.# #......##.#
#.######......##.†
#.............####
#.#####.#####.....
#.#####.# ######
#....##.# #
#.##.##.##########
#.................
####.##.###.######


You could see a centaur.

Vanquished Creatures
  A scorpion (D:5)
  A bullfrog skeleton (D:4)
  A hound (D:4)
  A worker ant (D:4)
  A gnoll (D:1)
  8 adders
  An ooze (D:4)
  2 dart slugs
  A worm (D:3)
  7 leopard geckos
  7 orcs
  6 bats
  3 giant cockroaches
  5 hobgoblins
  A quokka (D:4)
  4 frilled lizards
  2 gnoll zombies (D:4)
  2 goblins
  6 kobolds
  4 rats
64 creatures vanquished.

Notes
Turn   | Place    | Note
-------+----------+-------------------------------------------
     0 | D:1      | Jynx the Octopode Transmuter began the quest for the Orb.
     0 | D:1      | Reached XP level 1. HP: 13/13 MP: 3/3
   539 | D:1      | Reached XP level 2. HP: 15/18 MP: 5/5
   961 | D:1      | Learned a level 2 spell: Sticks to Snakes
  1277 | D:2      | Reached skill level 3 in Transmutations
  1319 | D:2      | Reached XP level 3. HP: 23/23 MP: 4/6
  2082 | D:2      | Reached XP level 4. HP: 28/28 MP: 6/8
  2445 | D:3      | Found a hazy altar of Hepliaklqana.
  2620 | D:3      | Reached skill level 4 in Transmutations
  3195 | D:4      | Found a shattered altar of Ashenzari.
  3202 | D:4      | Became a worshipper of Ashenzari the Shackled
  3229 | D:4      | Reached XP level 5. HP: 32/33 MP: 7/9
  3304 | D:4      | Found a basalt altar of Yredelemnul.
  3862 | D:4      | Noticed a phantom
  3971 | D:4      | Reached skill level 5 in Transmutations
  4241 | D:4      | Reached XP level 6. HP: 33/38 MP: 9/11
  4246 | D:4      | Learned a level 3 spell: Spider Form
  4252 | D:4      | Learned a level 5 spell: Blade Hands
  4421 | D:5      | Entered Level 5 of the Dungeon
  4421 | D:5      | Noticed an ice beast
  4553 | D:5      | Slain by a centaur

Skill      XL: |  1  2  3  4  5 |
---------------+----------------+-----
Transmutations | 3 4 5 |  5.4
Spellcasting   | 3 |  3.7
Fighting       | |  1.0
Dodging        | |  2.0
Unarmed Combat | |  3.0

Action                   |  1- 3 |  4- 6 || total
-------------------------+-------+-------++-------
Melee: Unarmed           |    70 |   111 ||   181
       Constrict         |    19 |    31 ||    50
       Kick              |    11 |    24 ||    35
       Tentacles         |     7 |    20 ||    27
       Punch             |     1 |     3 ||     4
 Cast: Beastly Appendage |    16 |    21 ||    37
       Sticks to Snakes  |       |     1 ||     1
       Blade Hands       |       |     2 ||     2
  Use: Scroll            |       |     1 ||     1
       Potion            |       |     1 ||     1
 Stab: Sleeping          |     4 |     3 ||     7
  Eat: Chunk             |     4 |     7 ||    11
Armor: Skin              |     8 |    12 ||    20
Dodge: Dodged            |    46 |    68 ||   114
